TOP OF THE 1ST |
Sunset District Fog batting - Pitching for Hamilton Coyotes : RHP Stanley Kent
|
Pitching: RHP Stanley Kent
|
|
Batting: LHB Arnold England
|
0-0: Foul Ball, location: 2F 0-1: Ground out 4-3 (Groundball, 4)
|
Batting: LHB Ed Berry
|
0-0: Ball 1-0: Ball 2-0: Ball 3-0: Called Strike 3-1: SINGLE (Groundball, 4MD)
|
Batting: RHB Gérard Chesnutt
|
0-0: Called Strike 0-1: Ball 1-1: Foul Ball, location: 2F 1-2: Strikes out looking
|
Batting: RHB Silvian Burger
|
0-0: Ball 1-0: Called Strike 1-1: Reached on error, E2 (Groundball, 2L) Ed Berry to second
|
Batting: LHB Jesús De Jesús
|
0-0: Called Strike 0-1: Swinging Strike 0-2: Ball 1-2: Strikes out swinging
|
Top of the 1st over - 0 runs, 1 hit, 1 error, 2 left on base; Sunset District 0 - Hamilton 0 |
BOTTOM OF THE 1ST |
Hamilton Coyotes batting - Pitching for Sunset District Fog : RHP Luis Flores
|
Pitching: RHP Luis Flores
|
|
Batting: LHB Tommy Sullivan
|
0-0: Called Strike 0-1: Ball 1-1: Ground out 4-3 (Groundball, 4)
|
Batting: RHB Júlio Robles
|
0-0: Called Strike 0-1: Ball 1-1: Foul Ball, location: 2F 1-2: Foul Ball, location: 2F 1-2: Ground out 5-3 (Groundball, 5)
|
Batting: RHB Clarence Neal
|
0-0: Ball 1-0: Ball 2-0: SOLO HOME RUN (Flyball, 9D), Distance : 339 ft
|
Batting: RHB Zack McLean
|
0-0: Ball 1-0: Swinging Strike 1-1: Ground out 5-3 (Groundball, 5S)
|
Bottom of the 1st over - 1 run, 1 hit, 0 errors, 0 left on base; Sunset District 0 - Hamilton 1 |
TOP OF THE 2ND |
Sunset District Fog batting - Pitching for Hamilton Coyotes : RHP Stanley Kent
|
Batting: RHB Keohi Iese
|
0-0: Ball 1-0: Ball 2-0: Foul Ball, location: 2F 2-1: SINGLE (Line Drive, 8LS)
|
Batting: RHB Tom Woolever
|
0-0: Bunt - Flyout! F2
|
Batting: LHB Mo Wyndham
|
0-0: DOUBLE (Flyball, 8LXD) Keohi Iese to third Runner from 3rd tries for Home, SAFE, no throw
|
Batting: LHB Jesús Trevino
|
0-0: Called Strike 0-1: Swinging Strike 0-2: Ball 1-2: Strikes out swinging
|
Batting: LHB Arnold England
|
0-0: Called Strike 0-1: Ball 1-1: Ball 2-1: Foul Ball, location: 2F 2-2: SINGLE (Groundball, 34D) Mo Wyndham to third Runner from 3rd tries for Home, SAFE, no throw
|
Batting: LHB Ed Berry
|
0-0: Called Strike 0-1: Swinging Strike 0-2: Foul Ball, location: 2F 0-2: Ball 1-2: Ball 2-2: Fly out, F4 (Line Drive, 4)
|
Top of the 2nd over - 2 runs, 3 hits, 0 errors, 1 left on base; Sunset District 2 - Hamilton 1 |
BOTTOM OF THE 2ND |
Hamilton Coyotes batting - Pitching for Sunset District Fog : RHP Luis Flores
|
Batting: SHB Martín Marrero
|
0-0: Called Strike 0-1: Foul Ball, location: 2F 0-2: SINGLE (Line Drive, 6)
|
Batting: RHB Warren Martin
|
0-0: Ball 1-0: Grounds into double play, 6-4-3 (Groundball, 6)
|
Batting: RHB Pancho Rodríguez
|
0-0: Foul Ball, location: 2F 0-1: Foul Ball, location: 2F 0-2: Ball 1-2: Ball 2-2: SINGLE (Line Drive, 6D)
|
Batting: RHB Vincente Fuentes
|
0-0: Called Strike 0-1: Ball 1-1: Ball Pancho Rodríguez is caught stealing 2nd base
|
Bottom of the 2nd over - 0 runs, 2 hits, 0 errors, 0 left on base; Sunset District 2 - Hamilton 1 |
TOP OF THE 3RD |
Sunset District Fog batting - Pitching for Hamilton Coyotes : RHP Stanley Kent
|
Batting: RHB Gérard Chesnutt
|
0-0: Foul Ball, location: 2F 0-1: Ball 1-1: Called Strike 1-2: Ball 2-2: Ball 3-2: Base on Balls
|
Batting: RHB Silvian Burger
|
0-0: Swinging Strike 0-1: Ball 1-1: Swinging Strike 1-2: Ball 2-2: Foul Ball, location: 2F 2-2: Strikes out swinging
|
Batting: LHB Jesús De Jesús
|
0-0: Ball 1-0: Swinging Strike 1-1: Ball 2-1: Called Strike 2-2: Foul Ball, location: 2F 2-2: Grounds into double play, 4-6-3 (Groundball, 34)
|
Top of the 3rd over - 0 runs, 0 hits, 0 errors, 0 left on base; Sunset District 2 - Hamilton 1 |
BOTTOM OF THE 3RD |
Hamilton Coyotes batting - Pitching for Sunset District Fog : RHP Luis Flores
|
Batting: RHB Vincente Fuentes
|
0-0: Called Strike 0-1: Called Strike 0-2: Ground out 3-1 (Groundball, 34)
|
Batting: RHB Tomás Bermúdez
|
0-0: Ground out 6-3 (Groundball, 6S)
|
Batting: LHB Tommy Sullivan
|
0-0: Ball 1-0: Fly out, F8 (Flyball, 8RD)
|
Bottom of the 3rd over - 0 runs, 0 hits, 0 errors, 0 left on base; Sunset District 2 - Hamilton 1 |
TOP OF THE 4TH |
Sunset District Fog batting - Pitching for Hamilton Coyotes : RHP Stanley Kent
|
Batting: RHB Keohi Iese
|
0-0: Called Strike 0-1: Swinging Strike 0-2: Ball 1-2: Ball 2-2: Ball 3-2: Base on Balls
|
Batting: RHB Tom Woolever
|
0-0: Called Strike 0-1: Ball 1-1: Ball 2-1: Swinging Strike 2-2: 2-RUN HOME RUN (Flyball, 7LD), Distance : 353 ft
|
Batting: LHB Mo Wyndham
|
0-0: Fly out, F6 (Line Drive, 6)
|
Batting: LHB Jesús Trevino
|
0-0: Ball 1-0: Ball 2-0: Called Strike 2-1: Foul Ball, location: 2F 2-2: Strikes out swinging
|
Batting: LHB Arnold England
|
0-0: Called Strike 0-1: Ball 1-1: DOUBLE (Flyball, 89D)
|
Batting: LHB Ed Berry
|
0-0: Called Strike 0-1: Foul Ball, location: 2F 0-2: Ground out 1-3 (Groundball, 13S)
|
Top of the 4th over - 2 runs, 2 hits, 0 errors, 1 left on base; Sunset District 4 - Hamilton 1 |
BOTTOM OF THE 4TH |
Hamilton Coyotes batting - Pitching for Sunset District Fog : RHP Luis Flores
|
Batting: RHB Júlio Robles
|
0-0: Ball 1-0: Foul Ball, location: 2F 1-1: Ground out 6-3 (Groundball, 6)
|
Batting: RHB Clarence Neal
|
0-0: SINGLE (Line Drive, 8LS)
|
Batting: RHB Zack McLean
|
0-0: Ball 1-0: SINGLE (Flyball, 89S) Clarence Neal to second
|
Batting: SHB Martín Marrero
|
0-0: Ball Wild Pitch! Clarence Neal to third Zack McLean to second 1-0: Ball 2-0: Called Strike 2-1: Foul Ball, location: 2F 2-2: Strikes out swinging
|
Batting: RHB Warren Martin
|
0-0: Called Strike 0-1: Foul Ball, location: 2F 0-2: 3-RUN HOME RUN (Flyball, 7LD), Distance : 360 ft
|
Batting: RHB Pancho Rodríguez
|
0-0: Called Strike 0-1: Swinging Strike 0-2: Foul Ball, location: 2F 0-2: Ball 1-2: Strikes out swinging
|
Bottom of the 4th over - 3 runs, 3 hits, 0 errors, 0 left on base; Sunset District 4 - Hamilton 4 |
TOP OF THE 5TH |
Sunset District Fog batting - Pitching for Hamilton Coyotes : RHP Stanley Kent
|
Batting: RHB Gérard Chesnutt
|
0-0: Swinging Strike 0-1: Ball 1-1: Foul Ball, location: 2F 1-2: Fly out, F3 (Popup, 34)
|
Batting: RHB Silvian Burger
|
0-0: Called Strike 0-1: Ball 1-1: SINGLE (Line Drive, 6D)
|
Batting: LHB Jesús De Jesús
|
0-0: Ball 1-0: Called Strike Silvian Burger steals 2nd base 1-1: Ball 2-1: Foul Ball, location: 2F 2-2: Foul Ball, location: 2F 2-2: Foul Ball, location: 2F 2-2: Foul Ball, location: 2F 2-2: Ball 3-2: Foul Ball, location: 2F 3-2: Ground out 3-1 (Groundball, 34S) Silvian Burger to third
|
Pitching: LHP Norberto Rodríguez
|
|
Batting: RHB Keohi Iese
|
0-0: Ball 1-0: Called Strike 1-1: Foul Ball, location: 2F 1-2: Strikes out swinging
|
Top of the 5th over - 0 runs, 1 hit, 0 errors, 1 left on base; Sunset District 4 - Hamilton 4 |
BOTTOM OF THE 5TH |
Hamilton Coyotes batting - Pitching for Sunset District Fog : RHP Luis Flores
|
Batting: RHB Vincente Fuentes
|
0-0: Called Strike 0-1: Ball 1-1: Ball 2-1: Foul Ball, location: 2F 2-2: Foul Ball, location: 2F 2-2: Strikes out swinging
|
Batting: RHB Tomás Bermúdez
|
0-0: Called Strike 0-1: Ground out 4-3 (Groundball, 34)
|
Batting: LHB Tommy Sullivan
|
0-0: Called Strike 0-1: Ball 1-1: Ball 2-1: Ball 3-1: Called Strike 3-2: Fly out, F4 (Popup, 23)
|
Bottom of the 5th over - 0 runs, 0 hits, 0 errors, 0 left on base; Sunset District 4 - Hamilton 4 |
TOP OF THE 6TH |
Sunset District Fog batting - Pitching for Hamilton Coyotes : LHP Norberto Rodríguez
|
Batting: RHB Tom Woolever
|
0-0: Foul Ball, location: 2F 0-1: Fly out, F9 (Flyball, 9S)
|
Batting: LHB Mo Wyndham
|
0-0: Fly out, F9 (Flyball, 9S)
|
Batting: LHB Jesús Trevino
|
0-0: Ball 1-0: Swinging Strike 1-1: Ball 2-1: Swinging Strike 2-2: Ball 3-2: Strikes out swinging
|
Top of the 6th over - 0 runs, 0 hits, 0 errors, 0 left on base; Sunset District 4 - Hamilton 4 |
BOTTOM OF THE 6TH |
Hamilton Coyotes batting - Pitching for Sunset District Fog : RHP Luis Flores
|
Batting: RHB Júlio Robles
|
0-0: Called Strike 0-1: Ball 1-1: Ball 2-1: Foul Ball, location: 2F 2-2: Foul Ball, location: 2F 2-2: Foul Ball, location: 2F 2-2: Foul Ball, location: 2F 2-2: Strikes out swinging
|
Batting: RHB Clarence Neal
|
0-0: Ball 1-0: Fly out, F7 (Flyball, 7)
|
Batting: RHB Zack McLean
|
0-0: Called Strike 0-1: Swinging Strike 0-2: Foul Ball, location: 2F 0-2: Strikes out swinging
|
Bottom of the 6th over - 0 runs, 0 hits, 0 errors, 0 left on base; Sunset District 4 - Hamilton 4 |
TOP OF THE 7TH |
Sunset District Fog batting - Pitching for Hamilton Coyotes : LHP Norberto Rodríguez
|
Batting: LHB Arnold England
|
0-0: Ground out 4-3 (Groundball, 4)
|
Batting: LHB Ed Berry
|
0-0: Ball 1-0: Foul Ball, location: 2F 1-1: Ball 2-1: Fly out, F9 (Flyball, 9LM)
|
Batting: RHB Gérard Chesnutt
|
0-0: Swinging Strike 0-1: Ball 1-1: Called Strike 1-2: Foul Ball, location: 2F 1-2: SINGLE (Line Drive, 4MD)
|
Batting: RHB Silvian Burger
|
0-0: Ball 1-0: Called Strike 1-1: Ball 2-1: Ball 3-1: Reached on error, E2 (Groundball, 2L) Gérard Chesnutt to third
|
Batting: LHB Jesús De Jesús
|
0-0: Ball 1-0: Foul Ball, location: 2F 1-1: Swinging Strike 1-2: Strikes out looking
|
Top of the 7th over - 0 runs, 1 hit, 1 error, 2 left on base; Sunset District 4 - Hamilton 4 |
BOTTOM OF THE 7TH |
Hamilton Coyotes batting - Pitching for Sunset District Fog : RHP Luis Flores
|
Batting: SHB Martín Marrero
|
0-0: Ball 1-0: Ball 2-0: SINGLE (Groundball, 4MD)
|
Batting: RHB Warren Martin
|
0-0: Ball 1-0: Sac Bunt - play at first, batter OUT! 2-4 Martín Marrero to second
|
Pinch Hitting: LHB José Gómez
|
0-0: Ball 1-0: Called Strike 1-1: Ball 2-1: Called Strike 2-2: Ball 3-2: Foul Ball, location: 2F 3-2: Base on Balls
|
Pitching: LHP Clay Pryor
|
|
Batting: RHB Vincente Fuentes
|
0-0: Ball 1-0: Ground out U3 (Groundball, 3L) Martín Marrero to third José Gómez to second
|
Batting: RHB Tomás Bermúdez
|
0-0: Called Strike 0-1: Ball 1-1: Ball 2-1: Ball 3-1: Foul Ball, location: 2F 3-2: Base on Balls
|
Batting: LHB Tommy Sullivan
|
0-0: Ball 1-0: Foul Ball, location: 2F 1-1: Swinging Strike 1-2: Strikes out swinging
|
Bottom of the 7th over - 0 runs, 1 hit, 0 errors, 3 left on base; Sunset District 4 - Hamilton 4 |
TOP OF THE 8TH |
Sunset District Fog batting - Pitching for Hamilton Coyotes : LHP Norberto Rodríguez
|
Now at 2B: Gerald Mills
|
|
Batting: RHB Keohi Iese
|
0-0: Ball 1-0: SINGLE (Flyball, 7S)
|
Batting: RHB Tom Woolever
|
0-0: Bunt missed! 0-1: Sac Bunt - play at first, batter safe! Keohi Iese to second
|
Batting: LHB Mo Wyndham
|
0-0: Ball 1-0: Reached on error, E1 (Groundball, 15) Keohi Iese to third Tom Woolever to second
|
Batting: LHB Jesús Trevino
|
0-0: Ball 1-0: Called Strike 1-1: Foul Ball, location: 2F 1-2: Foul Ball, location: 2F 1-2: Strikes out swinging
|
Batting: LHB Arnold England
|
0-0: Called Strike 0-1: Called Strike 0-2: Strikes out looking
|
Batting: LHB Ed Berry
|
0-0: Ball 1-0: Foul Ball, location: 2F 1-1: GRAND SLAM HOME RUN (Flyball, 9D), Distance : 343 ft
|
Pitching: RHP Octávio Moya
|
|
Batting: RHB Gérard Chesnutt
|
0-0: Fly out, F3 (Line Drive, 34)
|
Top of the 8th over - 4 runs, 3 hits, 1 error, 0 left on base; Sunset District 8 - Hamilton 4 |
BOTTOM OF THE 8TH |
Hamilton Coyotes batting - Pitching for Sunset District Fog : LHP Clay Pryor
|
Batting: RHB Júlio Robles
|
0-0: Called Strike 0-1: SINGLE (Groundball, 34S) (infield hit)
|
Batting: RHB Clarence Neal
|
0-0: Ball 1-0: Called Strike 1-1: Grounds into double play, 4-6-3 (Groundball, 4)
|
Batting: RHB Zack McLean
|
0-0: Ball 1-0: Called Strike 1-1: Foul Ball, location: 2F 1-2: Strikes out swinging, 2-3 out at first.
|
Bottom of the 8th over - 0 runs, 1 hit, 0 errors, 0 left on base; Sunset District 8 - Hamilton 4 |
TOP OF THE 9TH |
Sunset District Fog batting - Pitching for Hamilton Coyotes : RHP Octávio Moya
|
Pitching: RHP Hansky Paillant
|
|
Batting: RHB Silvian Burger
|
0-0: Ball 1-0: Ball 2-0: SINGLE (Line Drive, 78S)
|
Batting: LHB Jesús De Jesús
|
0-0: Ball 1-0: Called Strike Silvian Burger is caught stealing 2nd base 1-1: Fly out, F9 (Flyball, 9)
|
Batting: RHB Keohi Iese
|
0-0: SINGLE (Line Drive, 34D)
|
Batting: RHB Tom Woolever
|
0-0: Swinging Strike 0-1: Called Strike 0-2: Strikes out swinging
|
Top of the 9th over - 0 runs, 2 hits, 0 errors, 1 left on base; Sunset District 8 - Hamilton 4 |
BOTTOM OF THE 9TH |
Hamilton Coyotes batting - Pitching for Sunset District Fog : LHP Clay Pryor
|
Pitching: RHP Pedro Rodríguez
|
|
Batting: SHB Martín Marrero
|
0-0: Ball 1-0: Ball 2-0: Called Strike 2-1: Ball 3-1: Called Strike 3-2: Fly out, F7 (Flyball, 7S)
|
Batting: RHB Warren Martin
|
0-0: Ball 1-0: Called Strike 1-1: Ball 2-1: Foul Ball, location: 2F 2-2: Fly out, F8 (Flyball, 8RXD)
|
Batting: RHB Gerald Mills
|
0-0: Swinging Strike 0-1: Foul Ball, location: 2F 0-2: Ball 1-2: Strikes out looking
|
Bottom of the 9th over - 0 runs, 0 hits, 0 errors, 0 left on base; Sunset District 8 - Hamilton 4 |
|